General information
- name: BNet
- type: Ladder team game (AT/RT)
- host: Battle.net
- saver: KuKuKu
map: Deadlock
- players: 8
- length: 22:08
- speed: Fast
- version: 1.26 W3XP
- replay type: Public
» download(117 KB)
Players
team 1 (loser)
xNEUF (
purple | 23 APM | 114 actions | 04:55)
1 Crypt Lord
1 Impale
» actions
| Build / train | 13 | |
| Enter build submenu | 9 | |
| Enter hero's abilities submenu | 1 | |
| Remove unit from queue | 1 | |
| Right click | 35 | |
| Select / deselect | 49 | |
| Use ability | 6 | |
114 total
» units
» buildings
| Graveyard | 1 | |
| Halls of the Dead | 1 | |
| Altar of Darkness | 1 | |
| Ziggurat | 3 | |
| Crypt | 1 | |
| Nerubian Tower | 1 | |
8 total
» build order
00:45 Graveyard
00:58 Halls of the Dead
01:48 Altar of Darkness
02:21 Ziggurat
03:02 Crypt
03:27 Nerubian Tower
04:25 Ziggurat
04:41 Ziggurat
carilo (
pink | 40 APM | 622 actions | 15:41)
2 Death Knight
1 Death Coil
1 Death Pact
1 Crypt Lord
1 Carrion Beetles
» actions
| Assign group hotkey | 10 | |
| Build / train | 30 | |
| ESC pressed | 1 | |
| Enter build submenu | 19 | |
| Enter hero's abilities submenu | 3 | |
| Right click | 219 | |
| Select / deselect | 136 | |
| Select group hotkey | 175 | |
| Use ability | 29 | |
622 total
» units
| Acolyte | 6 | |
| Ghoul | 6 | |
| Crypt Fiend | 8 | |
20 total
» buildings
| Graveyard | 1 | |
| Ziggurat | 9 | |
| Crypt | 2 | |
| Altar of Darkness | 1 | |
| Tomb of Relics | 1 | |
| Halls of the Dead | 1 | |
| Spirit Tower | 3 | |
| Black Citadel | 2 | |
| Sacrificial Pit | 1 | |
21 total
» build order
00:16 Graveyard
00:23 Ziggurat
00:26 Ziggurat
00:43 Crypt
01:19 Crypt
01:26 Ziggurat
02:08 Altar of Darkness
03:39 Tomb of Relics
03:59 Ziggurat
04:26 Halls of the Dead
05:00 Ziggurat
05:40 Ziggurat
06:16 Spirit Tower
06:20 Spirit Tower
07:18 Black Citadel
08:36 Spirit Tower
08:48 Ziggurat
09:49 Black Citadel
09:53 Sacrificial Pit
10:25 Ziggurat
11:40 Ziggurat
G13M (
yellow | 42 APM | 665 actions | 15:45)
3 Tauren Chieftain
2 War Stomp
1 Endurance Aura
1 Shadow Hunter
1 Hex
» actions
| Build / train | 58 | |
| Enter build submenu | 22 | |
| Enter hero's abilities submenu | 4 | |
| Remove unit from queue | 1 | |
| Right click | 335 | |
| Select / deselect | 203 | |
| Use ability | 42 | |
665 total
» units
| Peon | 13 | |
| Grunt | 7 | |
| Ghoul | 2 | |
| Acolyte | 2 | |
| Crypt Fiend | 1 | |
| Shaman | 3 | |
| Tauren | 1 | |
| Troll Witch Doctor | 2 | |
31 total
» upgrades
| Web | 1 | |
| Melee Weapons | 2 | |
| Armor | 1 | |
| Creature Attack | 1 | |
| Shaman Training | 2 | |
| Berserker Strength | 1 | |
| Witch Doctor Training | 1 | |
9 total
» buildings
| Altar of Storms | 1 | |
| Orc Burrow | 8 | |
| Barracks | 1 | |
| Voodoo Lounge | 1 | |
| War Mill | 1 | |
| Spirit Tower | 2 | |
| Great Hall | 1 | |
| Stronghold | 1 | |
| Crypt | 1 | |
| Ziggurat | 1 | |
| Spirit Lodge | 2 | |
| Fortress | 1 | |
| Tauren Totem | 3 | |
24 total
» build order
00:10 Altar of Storms
00:13 Orc Burrow
00:21 Barracks
02:13 Orc Burrow
02:45 Voodoo Lounge
02:50 War Mill
04:40 Orc Burrow
05:24 Spirit Tower
05:41 Great Hall
05:45 Spirit Tower
06:20 Stronghold
06:31 Crypt
06:45 Orc Burrow
07:24 Ziggurat
07:48 Orc Burrow
08:46 Spirit Lodge
08:49 Fortress
10:02 Spirit Lodge
10:36 Orc Burrow
11:29 Tauren Totem
11:33 Tauren Totem
11:52 Tauren Totem
11:58 Orc Burrow
13:59 Orc Burrow
» items
| Lesser Clarity Potion | 3 | |
| Healing Salve | 2 | |
| Potion of Mana | 1 | |
| Orb of Lightning | 1 | |
7 total
floki_jeeesus (
blue | 45 APM | 996 actions | 22:05)
3 Demon Hunter
2 Immolation
1 Evasion
1 Keeper of the Grove
1 Force of Nature
» actions
| Assign group hotkey | 24 | |
| Basic commands | 1 | |
| Build / train | 86 | |
| Enter build submenu | 35 | |
| Enter hero's abilities submenu | 4 | |
| Remove unit from queue | 2 | |
| Right click | 315 | |
| Select / deselect | 277 | |
| Select group hotkey | 169 | |
| Use ability | 83 | |
996 total
» units
| Wisp | 30 | |
| Archer | 14 | |
| Huntress | 3 | |
| Centaur Outrunner | 1 | |
| Druid of the Claw | 9 | |
| Hippogryph | 13 | |
70 total
» upgrades
| Druid of the Claw Training | 2 | |
| Hippogryph Taming | 1 | |
| Improved Bows | 1 | |
| Marksmanship | 1 | |
| Moon Armor | 1 | |
| Mark of the Claw | 1 | |
7 total
» buildings
| Altar of Elders | 1 | |
| Moon Well | 12 | |
| Ancient of War | 1 | |
| Hunter's Hall | 1 | |
| Tree of Ages | 1 | |
| Ancient of Wonders | 1 | |
| Ancient of Lore | 1 | |
| Tree of Life | 1 | |
| Ancient of Wind | 1 | |
| Ancient Protector | 11 | |
| Tree of Eternity | 1 | |
32 total
» build order
00:08 Altar of Elders
00:12 Moon Well
00:39 Ancient of War
01:34 Moon Well
02:27 Hunter's Hall
02:41 Moon Well
03:39 Moon Well
04:37 Tree of Ages
04:54 Ancient of Wonders
05:48 Moon Well
07:17 Moon Well
07:25 Ancient of Lore
08:59 Tree of Life
10:54 Ancient of Wind
11:24 Ancient Protector
11:37 Moon Well
11:41 Ancient Protector
11:49 Ancient Protector
13:08 Ancient Protector
13:15 Moon Well
13:39 Ancient Protector
13:43 Ancient Protector
14:02 Moon Well
15:11 Moon Well
16:08 Moon Well
16:20 Tree of Eternity
17:08 Moon Well
17:44 Ancient Protector
18:53 Ancient Protector
19:04 Ancient Protector
21:44 Ancient Protector
21:48 Ancient Protector
team 2 (winner)

»
oiola (
teal | 39 APM | 854 actions | 22:06)
5 Dark Ranger
3 Black Arrow
2 Silence
3 Death Knight
2 Death Coil
1 Unholy Aura
3 Lich
2 Frost Nova
1 Frost Armor
» actions
| Build / train | 56 | |
| Enter build submenu | 16 | |
| Enter hero's abilities submenu | 11 | |
| Give item / drop item | 1 | |
| Right click | 487 | |
| Select / deselect | 245 | |
| Use ability | 38 | |
854 total
» units
| Acolyte | 7 | |
| Ghoul | 4 | |
| Crypt Fiend | 7 | |
| Frost Wyrm | 5 | |
23 total
» upgrades
| Creature Carapace | 3 | |
| Creature Attack | 3 | |
| Web | 1 | |
| Burrow | 1 | |
| Freezing Breath | 1 | |
9 total
» buildings
| Ziggurat | 9 | |
| Crypt | 1 | |
| Altar of Darkness | 1 | |
| Nerubian Tower | 1 | |
| Graveyard | 1 | |
| Halls of the Dead | 1 | |
| Spirit Tower | 4 | |
| Sacrificial Pit | 1 | |
| Black Citadel | 1 | |
| Tomb of Relics | 1 | |
| Boneyard | 1 | |
22 total
» build order
00:14 Ziggurat
00:19 Crypt
00:38 Altar of Darkness
01:00 Ziggurat
01:17 Nerubian Tower
02:17 Graveyard
02:52 Ziggurat
03:37 Halls of the Dead
04:16 Spirit Tower
07:26 Sacrificial Pit
07:49 Black Citadel
08:45 Ziggurat
10:10 Spirit Tower
10:44 Tomb of Relics
10:51 Boneyard
13:28 Ziggurat
13:38 Ziggurat
13:42 Ziggurat
14:40 Spirit Tower
16:07 Ziggurat
16:10 Ziggurat
19:35 Spirit Tower
» items
| Orb of Corruption | 2 | |
| Scroll of Town Portal | 1 | |
3 total
KuKuKu (
red | 86 APM | 1915 actions | 22:08)
6 Blood Mage
3 Flame Strike
2 Siphon Mana
1 Summon Phoenix
» actions
| Assign group hotkey | 84 | |
| Basic commands | 70 | |
| Build / train | 123 | |
| ESC pressed | 11 | |
| Enter build submenu | 37 | |
| Enter hero's abilities submenu | 6 | |
| Give item / drop item | 2 | |
| Right click | 483 | |
| Select / deselect | 262 | |
| Select group hotkey | 717 | |
| Use ability | 120 | |
1915 total
» units
| Peasant | 15 | |
| Footman | 5 | |
| Sorceress | 1 | |
| Gryphon Rider | 6 | |
27 total
» upgrades
| Masonry | 3 | |
| Lumber Harvesting | 2 | |
| Swords | 4 | |
| Armor | 3 | |
| Sorceress Training | 2 | |
| Magic Sentry | 1 | |
| Animal War Training | 1 | |
| Storm Hammers | 1 | |
| Cloud | 1 | |
| Backpack | 1 | |
| Gunpowder | 1 | |
| Plating | 1 | |
21 total
» buildings
| Altar of Kings | 1 | |
| Barracks | 1 | |
| Farm | 8 | |
| Arcane Vault | 1 | |
| Lumber Mill | 1 | |
| Town Hall | 1 | |
| Scout Tower | 12 | |
| Arcane Tower | 1 | |
| Guard Tower | 21 | |
| Keep | 3 | |
| Blacksmith | 1 | |
| Castle | 3 | |
| Gryphon Aviary | 6 | |
| Arcane Sanctum | 1 | |
61 total
» build order
01:07 Altar of Kings
01:09 Barracks
01:12 Farm
01:37 Farm
02:21 Arcane Vault
02:33 Farm
03:02 Lumber Mill
03:12 Farm
04:27 Town Hall
05:44 Scout Tower
05:47 Scout Tower
05:50 Scout Tower
05:54 Scout Tower
05:58 Scout Tower
06:02 Scout Tower
06:35 Arcane Tower
06:35 Guard Tower
06:36 Guard Tower
06:36 Guard Tower
06:36 Guard Tower
06:36 Guard Tower
06:45 Guard Tower
06:46 Keep
06:47 Keep
07:06 Scout Tower
07:08 Scout Tower
07:13 Blacksmith
07:36 Guard Tower
07:37 Guard Tower
07:42 Scout Tower
07:44 Guard Tower
07:49 Scout Tower
08:30 Guard Tower
08:30 Guard Tower
08:30 Guard Tower
09:31 Castle
09:31 Castle
09:31 Castle
09:45 Scout Tower
09:46 Scout Tower
10:00 Gryphon Aviary
10:04 Gryphon Aviary
10:16 Guard Tower
10:16 Guard Tower
10:17 Guard Tower
10:17 Guard Tower
10:17 Guard Tower
10:22 Arcane Sanctum
11:56 Farm
15:02 Farm
15:24 Farm
15:28 Farm
21:19 Gryphon Aviary
21:20 Gryphon Aviary
21:22 Gryphon Aviary
21:24 Gryphon Aviary
» items
| Scroll of Regeneration | 7 | |
| Staff of Teleportation | 1 | |
| Boots of Speed | 1 | |
| Potion of Invisibility | 4 | |
| Lesser Clarity Potion | 4 | |
| Scroll of Town Portal | 3 | |
| Staff of Sanctuary | 1 | |
| Healing Salve | 1 | |
| Orb of Lightning | 1 | |
| Potion of Healing | 1 | |
24 total
MiAaLwAyS10 (
green | 40 APM | 894 actions | 22:06)
5 Blademaster
3 Wind Walk
1 Critical Strike
1 Mirror Image
4 Tauren Chieftain
1 Shockwave
2 Endurance Aura
1 War Stomp
» actions
| Assign group hotkey | 14 | |
| Build / train | 56 | |
| Enter build submenu | 21 | |
| Enter hero's abilities submenu | 8 | |
| Remove unit from queue | 6 | |
| Right click | 466 | |
| Select / deselect | 142 | |
| Select group hotkey | 138 | |
| Use ability | 43 | |
894 total
» units
| Peon | 12 | |
| Wind Rider | 10 | |
| Shaman | 3 | |
| Troll Witch Doctor | 3 | |
| Demolisher | 2 | |
30 total
» upgrades
| Shaman Training | 2 | |
| Witch Doctor Training | 2 | |
| Envenomed Spears | 1 | |
5 total
» buildings
| Orc Burrow | 8 | |
| Altar of Storms | 1 | |
| Voodoo Lounge | 1 | |
| Barracks | 1 | |
| Stronghold | 1 | |
| War Mill | 1 | |
| Beastiary | 3 | |
| Spirit Lodge | 2 | |
| Fortress | 1 | |
| Great Hall | 1 | |
| Watch Tower | 2 | |
22 total
» build order
00:14 Orc Burrow
00:26 Altar of Storms
01:23 Orc Burrow
01:30 Voodoo Lounge
01:45 Barracks
03:02 Stronghold
04:28 War Mill
05:26 Beastiary
05:30 Beastiary
05:37 Beastiary
05:53 Spirit Lodge
05:56 Fortress
06:05 Orc Burrow
06:10 Orc Burrow
09:18 Spirit Lodge
10:34 Great Hall
10:45 Watch Tower
15:40 Watch Tower
16:16 Orc Burrow
19:01 Orc Burrow
19:08 Orc Burrow
21:26 Orc Burrow
» items
| Healing Salve | 1 | |
| Lesser Clarity Potion | 1 | |
2 total

»
bigdru (
orange | 32 APM | 705 actions | 22:06)
5 Tauren Chieftain
3 Endurance Aura
2 War Stomp
» actions
| Assign group hotkey | 10 | |
| Basic commands | 2 | |
| Build / train | 54 | |
| Enter build submenu | 22 | |
| Enter hero's abilities submenu | 5 | |
| Give item / drop item | 2 | |
| Right click | 319 | |
| Select / deselect | 250 | |
| Select group hotkey | 3 | |
| Use ability | 38 | |
705 total
» units
| Peon | 8 | |
| Grunt | 9 | |
| Troll Headhunter/Berserker | 8 | |
25 total
» upgrades
| Armor | 3 | |
| Reinforced Defenses | 1 | |
| Berserker Strength | 1 | |
| Spiked Barricades | 2 | |
| Melee Weapons | 3 | |
| Ranged Weapons | 1 | |
11 total
» buildings
| Altar of Storms | 1 | |
| Orc Burrow | 9 | |
| Voodoo Lounge | 1 | |
| Barracks | 2 | |
| War Mill | 2 | |
| Stronghold | 1 | |
| Great Hall | 1 | |
| Watch Tower | 5 | |
| Fortress | 1 | |
23 total
» build order
00:09 Altar of Storms
00:15 Orc Burrow
00:22 Voodoo Lounge
01:33 Barracks
02:01 Barracks
02:18 Orc Burrow
03:00 War Mill
03:07 War Mill
03:43 Orc Burrow
04:28 Orc Burrow
05:37 Stronghold
07:15 Great Hall
07:54 Watch Tower
10:13 Watch Tower
10:43 Watch Tower
10:59 Fortress
11:44 Orc Burrow
11:53 Orc Burrow
13:17 Watch Tower
13:32 Orc Burrow
14:23 Orc Burrow
14:43 Watch Tower
17:21 Orc Burrow
» items
| Periapt of Vitality | 4 | |
| Healing Salve | 2 | |
| Scroll of Town Portal | 2 | |
| Scroll of Healing | 1 | |
| Orb of Lightning | 1 | |
10 total
Chat log
(03:27 / Allies) oiola: maybe frosts
(03:35 / Allies) KuKuKu: probably a wyrmbot
(04:55 / All) KuKuKu: If you move to a non-rural location you can upgrade from dial-up
(05:01 / All) bigdru: ]
(08:13 / Allies) oiola: militia
(08:44 / Allies) bigdru: red
(08:47 / Allies) KuKuKu: ?
(08:49 / Allies) KuKuKu: you tped badly
(08:51 / Allies) bigdru: are you retarded?
(08:52 / Allies) KuKuKu: not my fault
(09:19 / Allies) KuKuKu: I already killed a gold mine
(09:22 / Allies) MiAaLwAyS10: gold?
(11:35 / Allies) MiAaLwAyS10: gold?
(11:53 / Allies) MiAaLwAyS10: ty
(12:22 / Allies) MiAaLwAyS10: come guys
(12:27 / Allies) KuKuKu: I'm killing him
(13:20 / Allies) MiAaLwAyS10: ty teal
(13:24 / Allies) oiola: np
(13:43 / Allies) bigdru: wood p[ls
(13:58 / Allies) bigdru: ty
(14:16 / Allies) MiAaLwAyS10: p tyn
(14:17 / Allies) KuKuKu: pink just gave up lol
(14:19 / Allies) MiAaLwAyS10: ty
(14:45 / All) KuKuKu: You can leave pinl
(14:49 / All) KuKuKu: You can leave pink
(14:52 / All) KuKuKu: You have my permission
(15:17 / Allies) oiola: back
(15:44 / All) MiAaLwAyS10: lol gg
(15:46 / All) KuKuKu: gg
(16:24 / All) KuKuKu: I haven't made more than 10 or so units all game
(16:28 / All) KuKuKu: blood mage op
(17:51 / All) KuKuKu: You can still win!